 Dungeon Crawl Stone Soup version 0.15.2 (webtiles) character file.

128 HopeRidesAlone the Insei (level 4, 0/35 HPs)
             Began as a Mummy Monk on Oct 24, 2015.
             Slain by an orc wizard
             ... wielding a +0 dagger
              (2 damage)
             ... on Level 3 of the Dungeon.
             The game lasted 00:05:40 (3243 turns).

HopeRidesAlone the Insei (Mummy Monk)               Turns: 3243, Time: 00:05:41

HP   0/35        AC  2     Str 14      XL: 4   Next: 86%
MP   4/4         EV 13     Int  9      God:
Gold 73          SH  0     Dex 15      Spells:  0 memorised,  3 levels left

rFire  x . .     SeeInvis .       - Unarmed
rCold  + . .     Clarity  .     (no armour)
rNeg   + + +     rCorr    .     (no shield)
rPois  +         rRot     +     (no helmet)
rElec  .         Spirit   .     (no cloak)
SustAb .         Warding  .     h - +0 pair of gloves
rMut   .         Stasis   .     b - +0 pair of boots (curse)
Gourm  .                        (no amulet)
MR     .....                    (no ring)
                                (no ring)

@: not resistant to hostile enchantments, unstealthy
A: no food or potions, fire vulnerability, restore body, cold resistance 1,
negative energy resistance 3, poison resistance, torment resistance, unbreathing
a: no special abilities


You were on level 3 of the Dungeon.
You were not hungry.

You visited 1 branch of the dungeon, and saw 4 of its levels.

You collected 73 gold pieces.


Innate Abilities, Weirdness & Mutations

You do not eat or drink.
Your flesh is vulnerable to fire.
Your flesh is cold resistant.
You are immune to negative energy.
Your system is resistant to poisons.
You are immune to unholy pain and torment.
You can survive without breathing.


   Skills:
 - Level 3.0 Fighting
 - Level 2.4 Dodging
 - Level 1.5 Stealth
 + Level 5.2 Unarmed Combat


You had 3 spell levels left.
You didn't know any spells.

Inventory:

Armour
 b - a cursed +0 pair of boots (worn)
 h - a +0 pair of gloves (worn)
Scrolls
 c - a scroll of random uselessness {unknown}
 d - 2 scrolls of remove curse {unknown}
 e - a scroll of enchant weapon {unknown}
 f - 3 scrolls of identify {unknown}
 i - a scroll of fog {unknown}
 j - a scroll of blinking {unknown}
 k - a scroll of enchant armour {unknown}
 l - a scroll of recharging {unknown}
 m - a scroll of noise {unknown}
Jewellery
 g - an uncursed amulet of stasis {unknown}

Dungeon Overview and Level Annotations

Branches:
Dungeon (4/15)
 Temple: D:4-7

Altars:

###.###..# #.###..####
#.##......# #.##......#
#.##......# #.##......#
#......# ..# #......#
.... #.Mo##.♣ ....P
##)#.##.♣ ♣......
#..#.##.♣ ...P.
#.##..##.♣...#
#.##..##♣...P#.['.
#####)##....♣....'.(#
#..............£.####
#...###.####...♣.......
## #.# #........P..


You could see an orc wizard.


Message History

You barely miss the orc wizard.
The orc wizard is moderately wounded.
The orc wizard points at you and mumbles some strange words.
The puff of frost hits you! You resist.
* * * LOW HITPOINT WARNING * * *
You hit the orc wizard.
The orc wizard is severely wounded.
The orc wizard barely misses you.
You hit the orc wizard.
The orc wizard is almost dead.
The orc wizard hits you with a dagger.
* * * LOW HITPOINT WARNING * * *
You closely miss the orc wizard.
The orc wizard is almost dead.
The orc wizard hits you with a dagger.
* * * LOW HITPOINT WARNING * * *
You closely miss the orc wizard.
The orc wizard is almost dead.
The orc wizard misses you.
You closely miss the orc wizard.
The orc wizard is almost dead.
The orc wizard closely misses you.
You barely miss the orc wizard.
The orc wizard is almost dead.
The orc wizard hits you with a dagger.
* * * LOW HITPOINT WARNING * * *
You closely miss the orc wizard.
The orc wizard is almost dead.
The orc wizard hits you with a dagger.
You die...

Action                   |  1- 3 |  4- 6 || total
-------------------------+-------+-------++-------
Melee: Unarmed           |   194 |    89 ||   283
 Stab: Sleeping          |     4 |       ||     4
       Distracted        |       |     1 ||     1

Vault maps used:
D:1:      lightli_molten_gateway
D:3:      wad_woods_settlement, zin_treasury, uniq_natasha
D:4:      serial_park_square1, lemuel_coloured_pillars_altar,
          kennysheep_small_circle, uniq_iyjb, uniq_prince_ribbit1

Notes
Turn   | Place    | Note
--------------------------------------------------------------
     0 | D:1      | HopeRidesAlone, the Mummy Monk, began the quest for the Orb.
     0 | D:1      | Reached XP level 1. HP: 18/18 MP: 1/1
   212 | D:1      | Reached XP level 2. HP: 12/24 MP: 2/2
   539 | D:1      | Reached skill level 4 in Unarmed Combat
   859 | D:1      | Reached XP level 3. HP: 29/29 MP: 3/3
  2018 | D:2      | Reached XP level 4. HP: 26/35 MP: 4/4
  2227 | D:3      | Noticed an ogre
  2347 | D:3      | HP: 3/35 [ogre/giant spiked club (13)]
  2689 | D:3      | Noticed Natasha
  2723 | D:3      | HP: 1/35 [kobold (4)]
  2989 | D:3      | Killed Natasha
  2989 | D:3      | Reached skill level 5 in Unarmed Combat
  3229 | D:4      | Noticed an ogre
  3242 | D:3      | HP: 2/35 [orc wizard/dagger (5)]
  3243 | D:3      | Slain by an orc wizard

Vanquished Creatures
  Natasha (D:3)
  2 gnolls (D:3)
  A giant mite (D:2)
  A green rat (D:2)
  An inept item mimic (D:2)
  A giant gecko (D:1)
  An orc (D:3)
  A ball python (D:1)
  6 bats
  5 giant cockroaches
  5 goblins
  9 hobgoblins
  5 jackals (D:1)
  7 giant newts
  9 kobolds
  7 rats
62 creatures vanquished.
